 Dungeon Crawl Stone Soup version 0.23.1 (webtiles) character file.

Game seed: 541535549131696615

59 Borgoz the Sneak (level 4, -5/35 HPs)
             Began as a Ghoul Enchanter on Mar 5, 2019.
             Slain by a centaur
             ... wielding a cursed -3 shortbow
              (7 damage)
             ... on level 2 of the Dungeon.
             The game lasted 00:04:31 (2210 turns).

Borgoz the Sneak (Ghoul Enchanter)                  Turns: 2210, Time: 00:04:32

Health: -5/35      AC:  3    Str: 11    XL:     4   Next: 3%
Magic:  0/6        EV: 12    Int: 10    God:
Gold:   92         SH:  0    Dex: 10    Spells: 4/7 levels left

rFire    . . .     SeeInvis .   a - +1 dagger
rCold    + . .     Gourm    .   (no shield)
rNeg     + + +     Faith    .   b - +0 robe
rPois    ∞         Spirit   .   k - +0 helmet
rElec    .         Reflect  .   (no cloak)
rCorr    .         Harm     .   (no gloves)
MR       .....                  (no boots)
Stlth    ++........             (no amulet)
HPRegen  0.00/turn              (no ring)
MPRegen  0.10/turn              (no ring)

@: rotting
A: rotting body, claws 1, carnivore, cold resistance 1, negative energy
resistance 3, inhibited regeneration, torment resistance, unbreathing
a: no special abilities


You were on level 2 of the Dungeon.
You were not hungry.

You visited 1 branch of the dungeon, and saw 2 of its levels.

You collected 92 gold pieces.

Inventory:

Hand Weapons
 a - a +1 dagger (weapon)
Armour
 b - a +0 robe (worn)
 k - a +0 helmet (worn)
 o - +0 gold dragon scales
Scrolls
 c - 2 scrolls of teleportation {unknown}
 e - a scroll of enchant armour {unknown}
 f - a scroll of magic mapping {unknown}
 h - a scroll of remove curse {unknown}
 i - 2 scrolls of immolation {unknown}
 j - 3 scrolls of identify {unknown}
 p - a scroll of amnesia {unknown}
Comestibles
 d - 3 rations


   Skills:
 + Level 1.0 Fighting
 * Level 1.5 Short Blades
 + Level 0.7 Armour
 + Level 2.1 Dodging
 + Level 3.7 Stealth
 + Level 2.1 Spellcasting
 * Level 2.7 Hexes


You had 4 spell levels left.
You knew the following spells:

 Your Spells              Type           Power        Failure   Level  Hunger
a - Corona                Hex            #......      10%         1    ##.....
b - Ensorcelled Hibernat  Hex/Ice        #.....       26%         2    ###....

Your spell library contained the following spells:

 Spells                   Type           Power        Failure   Level  Hunger
 Confuse                  Hex            #.......     30%         3    ####...
 Tukima's Dance           Hex            #.......     30%         3    ####...
 Dazzling Spray           Conj/Hex       #.....       47%         3    ####...


Dungeon Overview and Level Annotations

Branches:
Dungeon (2/15)

Altars:
Ashenzari
Nemelex Xobeh


Innate Abilities, Weirdness & Mutations

Your body is rotting away.
You thrive on raw meat.
You are immune to poison.
You have sharp fingernails.
You are carnivorous and can eat meat at any time.
Your flesh is cold resistant. (rC+)
You are immune to negative energy. (rN+++)
You do not regenerate when monsters are visible.
You are immune to unholy pain and torment.
You can survive without breathing.


Message History

You hit the centaur but do no damage.
The centaur is almost dead.
You feel yourself slow down. The centaur closely misses you.
You completely miss the centaur.
The centaur is almost dead.
The centaur hits you with a cursed -3 shortbow.
* * * LOW HITPOINT WARNING * * *
Casting: Ensorcelled Hibernation (safe; 26% risk of failure)
Confirm with . or Enter, or press ? or * to list all spells.
Aiming: Corona (safe; 10% risk of failure)
Press: ? - help, Shift-Dir - straight line, f/p - centaur
Aim: a centaur, wielding a -3 shortbow (almost dead, chance to defeat MR: 40%)
The centaur is outlined in light.
The centaur hits you with a cursed -3 shortbow!
* * * LOW HITPOINT WARNING * * *
You hit the centaur but do no damage.
The centaur is almost dead.
The centaur hits you with a cursed -3 shortbow!
You die...

.# #.# #.# ..# ##
#######.### . #(........#
#######+#+##.........#
##..........(...@c...#
##...................#
##..........######(###
.'..........###.....#
##............#.....#####
..............#...........
....##........#.(.........
....##...######...........
....+..........##.........
##...


You could see a centaur.

Vanquished Creatures
  An adder (D:2)
  An ooze (D:1)
  2 dart slugs (D:1)
  2 leopard geckos
  3 giant cockroaches
  4 goblins
  6 hobgoblins
  4 jackals
  2 kobolds (D:1)
  6 bats
  4 frilled lizards
  A rat (D:1)
36 creatures vanquished.

Notes
Turn   | Place    | Note
-------+----------+-------------------------------------------
     0 | D:1      | Borgoz the Ghoul Enchanter began the quest for the Orb.
     0 | D:1      | Reached XP level 1. HP: 14/14 MP: 2/2
   224 | D:1      | Reached skill level 1 in Short Blades
   278 | D:1      | Reached XP level 2. HP: 15/20 MP: 1/3
   289 | D:1      | Learned a level 2 spell: Ensorcelled Hibernation
   789 | D:1      | Reached XP level 3. HP: 25/27 MP: 4/4
  1425 | D:2      | Found a sparkling altar of Nemelex Xobeh.
  1574 | D:2      | Reached skill level 1 in Fighting
  1642 | D:2      | Found a shattered altar of Ashenzari.
  1974 | D:2      | Reached XP level 4. HP: 32/35 MP: 3/6
  2139 | D:2      | Noticed a centaur
  2210 | D:2      | Slain by a centaur

Skill      XL: |  1  2  3 |
---------------+----------+-----
Short Blades   | 1 |  1.5
Dodging        | 2 |  2.1
Fighting       | 1 |  1.0
Spellcasting   | 2 |  2.1
Armour         | |  0.7
Stealth        | |  3.7
Hexes          | |  2.7

Action                   |  1- 3 |  4- 6 || total
-------------------------+-------+-------++-------
Melee: Dagger            |   147 |    55 ||   202
 Cast: Corona            |     4 |     1 ||     5
       Ensorcelled Hiber |     7 |     7 ||    14
  Use: Potion            |       |     3 ||     3
 Stab: Sleeping          |    10 |     1 ||    11
  Eat: Chunk             |    10 |     4 ||    14
Armor: Robe              |    29 |     9 ||    38
Dodge: Dodged            |    94 |    41 ||   135
